 Dungeon Crawl Stone Soup version 0.28-a0-863-g8cecda6153 (webtiles) character file.

Game seed: 11178713828006533285

42 sanka the Chopper (level 3, 0/31 HPs)
             Began as a Palentonga Abyssal Knight on Nov 17, 2021.
             Was a Believer of Lugonu.
             Killed by divine providence
             ... invoked by an orc priest
              (9 damage)
             ... on level 3 of the Dungeon.
             The game lasted 00:01:46 (2086 turns).

sanka the Chopper (Palentonga Abyssal Knight)       Turns: 2086, Time: 00:01:47

Health: 0/31       AC:  4    Str: 17    XL:     3   Next: 35%
Magic:  0/4        EV:  9    Int: 10    God:    Lugonu [**....]
Gold:   41         SH:  0    Dex: 10    Spells: 2/2 levels left

rFire   . . .      SeeInvis +   a - +1 hand axe
rCold   . . .      Faith    .   (no shield)
rNeg    . . .      Spirit   +   b - +0 leather armour
rPois   .          Reflect  .   (no helmet)
rElec   .          Harm     .   (no cloak)
rCorr   .          Rampage  .   (no gloves)
Will    .....                   (no barding)
Stlth   +.........              j - amulet of guardian spirit
HPRegen 0.10/turn               (no ring)
MPRegen 0.09/turn               (no ring)

@: no status effects
A: large, rugged brown scales 3, see invisible, deformed body, roll 1, armoured
tail
a: Rolling Charge, Renounce Religion, Depart the Abyss, Bend Space


You were on level 3 of the Dungeon.
You worshipped Lugonu.
Lugonu was pleased with you.
You visited 1 branch of the dungeon, and saw 3 of its levels.
You visited the Abyss 1 time.

You collected 41 gold pieces.


Innate Abilities, Weirdness & Mutations

You are completely covered in rugged brown scales. (AC +3, +7% HP)
You have supernaturally acute eyesight. (SInv)
Armour fits poorly on your strangely shaped body.
You can roll at nearby foes to attack.
You have a long armoured tail.


   Skills:
 - Level 3.0 Fighting
 + Level 3.8 Axes
 - Level 1.5 Armour
 - Level 0.7 Dodging
 - Level 2.0 Invocations


You had 2 spell levels left.
You didn't know any spells.
Your spell library contained the following spells:

 Spells                   Type           Power      Damage    Failure   Level
 Animate Skeleton         Necr           0%         N/A       41%         1
 Pain                     Necr           0%         1d4       41%         1
 Vampiric Draining        Necr           0%         2d6       80%         3

Inventory:

Hand Weapons
 a - a +1 hand axe (weapon)
Armour
 b - a +0 leather armour (worn)
 h - a +0 helmet
Jewellery
 j - an amulet of guardian spirit (around neck)
Scrolls
 c - a scroll of magic mapping {unknown}
 d - a scroll of noise {unknown}
 f - a scroll of teleportation {unknown}
 g - a scroll of identify {unknown}
 k - a scroll of torment {unknown}
 m - a scroll of fog {unknown}
Potions
 e - a potion of degeneration {unknown}
 i - 4 potions of invisibility {unknown}
 l - a potion of haste {unknown}

Dungeon Overview and Level Annotations

Branches:
Dungeon (3/15)

Altars:

▒.....▒..[. ..
▒......_... ...▒
..▒.▒........ ...▒
▒▒▒.▒.......⌠.▒ ...▒
+...▒........ .▒.▒
▒........▒▒▒▒+▒...▒.▒
+...................▒
▒.....▒▒.▒▒▒.K..▒<..▒+
▒..........Ho.........
▒...<..▒...)..▒.......
..........▒...▒▒▒▒.......
........▒.▒...... .▒▒▒...
........▒.▒......... ..
▒.......▒.▒..▒...K.. ▒
▒.......▒+▒.........o
▒........ ...........
....................


You could see an orc priest and a kobold.


Message History

The orc priest is moderately wounded.
You hit the kobold. The orc priest misses you.
The kobold hits you with a +0 short sword.
* * * LOW HITPOINT WARNING * * *
Unknown command.
You hit the orc priest.
The orc priest is heavily wounded.
You barely miss the kobold.
The orc priest hits you with a +0 short sword.
* * * LOW HITPOINT WARNING * * *
The kobold closely misses you.
Unknown command.
You hit the orc priest.
The orc priest is severely wounded.
You hit the kobold.
You kill the kobold!
Lugonu accepts your kill.
The orc priest looks encouraged for a moment.
Unknown command.
You hit the orc priest but do no damage.
You tail-slap the orc priest, but do no damage.
The orc priest is severely wounded.
The orc priest looks braver for a moment.
Unknown command.
You hit the orc priest.
The orc priest is severely wounded.
The orc priest invokes the aid of Beogh against you.
Beogh smites you!
You die...

Action                   || total
-------------------------++-------
Melee: Hand axe          ||   110
       Tailslap          ||    10
 Abil: Rolling Charge    ||     1
Armor: Leather armour    ||    58
Dodge: Dodged            ||    52

Levels and vault maps discovered:
D:1:      onia_arrival_zoo_common, layout_loops_corners
D:2:      layout_basic, hex_intersection
D:3:      cheibrodos_pilgrimage, layout_basic,
          ebering_ecumenical_altar_abandoned, minmay_box_of_dots

Notes
Turn   | Place    | Note
-------+----------+-------------------------------------------
     0 | Abyss:1  | sanka the Palentonga Abyssal Knight began the quest for the
                  | Orb.
     0 | Abyss:1  | Reached XP level 1. HP: 19/19 MP: 2/2
    36 | D:1      | Escaped the Abyss
    43 | D:1      | Noticed an anaconda
    43 | D:1      | Noticed a snapping turtle
    43 | D:1      | Noticed a polar bear
    43 | D:1      | Noticed a lindwurm
   222 | D:1      | Reached XP level 2. HP: 23/25 MP: 3/3
   528 | D:1      | Reached skill level 3 in Axes
  1067 | D:2      | Reached ** piety under Lugonu
  1465 | D:2      | Reached XP level 3. HP: 24/31 MP: 4/4
  2037 | D:3      | Found a faded altar of an unknown god.
  2086 | D:3      | Killed from afar by an orc priest

Vanquished Creatures
  2 dart slugs
  5 endoplasms
  A giant cockroach (D:1)
  2 goblins (D:1)
  4 hobgoblins
  3 jackals (D:1)
  3 kobolds
  4 ball pythons
  8 bats
  A frilled lizard (D:1)
  3 rats
36 creatures vanquished.
